 Dungeon Crawl Stone Soup version 0.32-a0-571-gec57dfcd37 (webtiles) character file.

Game seed: 14782055806572343095

966 gimp the Ruffian (level 8, 0/65 HPs)
             Began as a Barachi Shapeshifter on Feb 29, 2024.
             Was an Initiate of Trog.
             Killed from afar by a steam dragon (16 damage)
             ... with a ball of steam
             ... on level 6 of the Dungeon on Mar 1, 2024.
             The game lasted 00:16:17 (6049 turns).

gimp the Ruffian (Barachi Shapeshifter)             Turns: 6049, Time: 00:16:18

Health: 0/65       AC:  2    Str: 16    XL:     8   Next: 15%
Magic:  8/8        EV: 12    Int: 11    God:    Trog [......]
Gold:   160        SH:  0    Dex: 13    Spells: 7/7 levels left

rFire   . .          .
                       - Unarmed
rCold   . . .        (no shield)
rNeg    . . .        a - +0 animal skin
rPois   +            (helmet currently unavailable)
rElec   .            (cloak currently unavailable)
rCorr   .            (gloves currently unavailable)
SInv    .            (boots currently unavailable)
Will    .....        (no amulet)
Stlth   +            u - ring of poison resistance
HPRegen 0.30/turn    (no ring)
MPRegen 0.11/turn

%: no passive effects
@: beast-form, slow
A: beast (slay +3), amphibious, slowness 1, strong legs 1, +LOS
a: Hop, Begin Untransformation, Renounce Religion


You were on level 6 of the Dungeon.
You worshipped Trog.
Trog was noncommittal.
You were a hulking beast.
You visited 2 branches of the dungeon, and saw 7 of its levels.

You collected 274 gold pieces.
You spent 114 gold pieces at shops.

Inventory:

Missiles
 j - a throwing net
Armour
 a - a +0 animal skin (worn)
 b - a +0 pair of gloves
 i - a +0 pair of boots
 p - a scarf of shadows
 t - a scarf of repulsion
Jewellery
 u - a ring of poison resistance (left hand)
Talismans
 c - a beast talisman (active)
 d - a flux talisman
Wands
 B - a wand of light (5)
Scrolls
 e - a scroll of brand weapon
 g - a scroll of butterflies
 k - 2 scrolls of revelation
 n - a scroll of vulnerability {unknown}
 s - a scroll of blinking
 v - a scroll of immolation {unknown}
 w - a scroll of teleportation
 y - a scroll of noise {unknown}
 A - a scroll of enchant weapon {unknown}
Potions
 f - 3 potions of curing
 h - 2 potions of mutation {unknown}
 l - 2 potions of berserk rage {unknown}
 m - a potion of degeneration {unknown}
 o - 2 potions of resistance {unknown}
 q - 2 potions of ambrosia {unknown}
 r - a potion of magic
 x - 2 potions of invisibility {unknown}
 z - 2 potions of enlightenment {unknown}


   Skills:
 + Level 6.4 Fighting
 - Level 2.1 Dodging
 + Level 6.5 Unarmed Combat
 + Level 6.2 Shapeshifting


You had 7 spell levels left.
You didn't know any spells.
Your spell library contained the following spells:

 Spells                   Type           Power      Damage    Failure   Level
 Sting                    Conj/Alch      0%         1d3       34%         1
 Mercury Vapours          Alch/Air       0%         N/A       47%         2
 Inner Flame              Hex/Fire       0%         N/A       71%         3
 Summon Ice Beast         Ice/Summ       0%         N/A       71%         3
 Tukima's Dance           Hex            0%         N/A       71%         3
 Dimensional Bullseye     Hex/Tloc       0%         N/A       98%         4
 Iskenderun's Mystic Bla  Conj/Tloc      0%         2d3       98%         4
 Olgreb's Toxic Radiance  Alch           0%         N/A       98%         4
 Irradiate                Conj/Alch      0%         3d11      100%        5
 Summon Mana Viper        Hex/Summ       0%         N/A       100%        5
 Monstrous Menagerie      Summ           0%         N/A       100%        7
 Ignition                 Fire           0%         3d3       100%        8


Dungeon Overview and Level Annotations

Branches:
Dungeon (6/15)             Temple (1/1) D:5

Altars:
Ashenzari
Cheibriados
Dithmenos
Elyvilon
Fedhas
Gozag
Hepliaklqana
Kikubaaqudgha
Makhleb
Nemelex Xobeh
Okawaru
Ru
Sif Muna
Trog
Uskayaw
Vehumet
Wu Jian
Xom
Yredelemnul
Zin

Shops:
D:1 ?

Annotations:
D:4 2 transporters, BeKind's ghost, amateur MiBe
D:5 1 runed translucent door, exclusion: door, retardedninja's ghost, novice MDFi


Innate Abilities, Weirdness & Mutations

You are a hulking beast.
Your limbs bulge with bestial killing power. (Slay +3)
You are amphibious.
You cover ground slowly.
You can hop short distances.
You have an extended range of vision and can be seen from far away.


Message History

The black bear closely misses you. The black bear claws you. x2
You take 4 damage, and have 42/64 hp.
You hit the black bear.
The black bear is severely wounded.
The black bear barely misses you.
The black bear claws you but does no damage.
The black bear claws you.
You take 4 damage, and have 38/64 hp.
You hit the black bear.
The black bear is severely wounded.
The black bear goes berserk!
You hit the black bear.
The black bear is almost dead.
The black bear bites you. The black bear claws you. x2
You take 13 damage, and have 25/64 hp.
MASSIVE DAMAGE!!
You are too injured to fight recklessly!
You are too injured to fight recklessly!
You are too injured to fight recklessly!
You hit the black bear.
The black bear is almost dead.
The black bear bites you!
* * * LOW HITPOINT WARNING * * *
The black bear completely misses you. The black bear barely misses you.
The black bear bites you!
* * * LOW HITPOINT WARNING * * *
The black bear closely misses you. x2
You take 22 damage, and have 3/64 hp.
MASSIVE DAMAGE!!
You punch the black bear!
You kill the black bear!
Trog accepts your kill.
Found a buckler.
Health restored: 65
Found 9 stones.
Found a stone staircase leading up.
You see here a +0 buckler.
Found 8 stones.
You now have 160 gold pieces (gained 15).
An adder comes into view.
The adder hisses angrily.
The adder closely misses you. The adder bites you.
You take 2 damage, and have 63/65 hp.
You barely miss the adder. The adder bites you.
You take 2 damage, and have 61/65 hp.
You punch the adder!
The adder is severely wounded.
The adder bites you.
You take 1 damage, and have 60/65 hp.
You hit the adder.
You kill the adder!
Trog accepts your kill.
No target in view!
No target in view!
B - a wand of light (6) Health restored: 65 A steam dragon comes into view.
The steam dragon hisses angrily.
The steam dragon breathes steam at you. The ball of steam misses you.
The steam dragon moves out of view.
You're standing in a cloud of steam!
You don't know any spells.
Unknown command.
Okay, then.
Unknown command.
You start waiting.
A steam dragon is nearby!
You punch the steam dragon!
The steam dragon is moderately wounded.
The steam dragon bites you.
The steam dragon claws you but does no damage.
You take 2 damage, and have 63/65 hp.
You hit the steam dragon.
The steam dragon is moderately wounded.
The steam dragon bites you. The steam dragon barely misses you.
You take 5 damage, and have 58/65 hp.
You punch the steam dragon!
The steam dragon is severely wounded.
The steam dragon breathes steam at you. The ball of steam hits you!!
You take 21 damage, and have 37/65 hp.
MASSIVE DAMAGE!!
You hit the steam dragon.
The steam dragon is severely wounded.
You are engulfed in a cloud of scalding steam.
The steam dragon bites you! The steam dragon barely misses you.
You take 14 damage, and have 23/65 hp.
MASSIVE DAMAGE!!
You are engulfed in a cloud of scalding steam.
* * * LOW HITPOINT WARNING * * *
You take 8 damage, and have 15/65 hp.
The steam dragon attacks as it pursues you!
The steam dragon misses you. The steam dragon closely misses you.
You hit the steam dragon.
The steam dragon is almost dead.
The steam dragon breathes steam at you. The ball of steam misses you.
Aiming: Bolt of Light
Press: ? - help, Shift-Dir - straight line, f - steam dragon
Aim: a steam dragon (almost dead, 71% to hit)
The bolt of light misses the steam dragon.
You are engulfed in a cloud of scalding steam.
The steam dragon breathes steam at you. The ball of steam hits you!
You die...

..........,,,,,,...D,,...........
....###.....##..#..***###.####.##
.######.....##.##.### #........#
.##########.......#D###.########
.##########.##.##..#.##.#
.##########.##....###D..#
.#######.......##..#.####
.#######.##.##.##D#§##
.#######.##...§§h.#.#
.(.h..........§§....#
########.#####§######
########.#####.# ########.......#
################ #############


You could see a steam dragon (catching breath).

Vanquished Creatures
  A black bear (D:6)
  A bullfrog (D:6)
  Blork the orc (D:5)
  A scorpion (D:6)
  2 bombardier beetles
  3 hounds
  An orc priest (D:6)
  A gnoll bouda (D:5)
  A sleepcap (D:6)
  Natasha (twice) (D:2)
  3 iguanas
  An orc wizard (D:6)
  9 gnolls
  8 adders
  A white imp (D:6)
  4 dart slugs
  2 ribbon worms
  17 orcs
  4 bats (D:1)
  7 endoplasms
  4 giant cockroaches
  6 hobgoblins
  4 jackals (D:3)
  5 quokkas
  11 ball pythons
  5 frilled lizards
  11 goblins
  5 kobolds
  5 rats
126 creatures vanquished.

Notes
Turn   | Place    | Note
-------+----------+-------------------------------------------
     0 | D:1      | gimp the Barachi Shapeshifter began the quest for the Orb.
     0 | D:1      | Reached XP level 1. HP: 15/15 MP: 1/1
   124 | D:1      | Reached XP level 2. HP: 12/22 MP: 2/2
   292 | D:1      | Found Gudorr's Magic Scroll Shop.
   306 | D:1      | Bought a scroll of identify for 24 gold pieces
   481 | D:1      | Reached XP level 3. HP: 27/27 MP: 3/3
  1150 | D:2      | Reached XP level 4. HP: 25/34 MP: 4/4
  1697 | D:2      | Reached XP level 5. HP: 41/41 MP: 5/5
  2044 | D:3      | Noticed Natasha
  2061 | D:2      | Killed Natasha
  2469 | D:3      | Found a snail-covered altar of Cheibriados.
  2510 | D:3      | Found a shimmering blue altar of Sif Muna.
  2513 | D:3      | Found a burning altar of Makhleb.
  2729 | D:2      | Noticed Natasha
  2734 | D:2      | Killed Natasha
  2748 | D:1      | Bought a scroll of blinking for 90 gold pieces
  3005 | D:3      | Reached XP level 6. HP: 41/48 MP: 6/6
  3277 | D:4      | Reached skill level 5 in Unarmed Combat
  3425 | D:4      | Found a transporter.
  3425 | D:4      | Noticed BeKind's ghost (amateur MiBe)
  3433 | D:4      | Found a transporter.
  3663 | D:5      | Entered Level 5 of the Dungeon
  3667 | D:5      | Noticed retardedninja's ghost (novice MDFi)
  3669 | D:5      | Found a runed translucent door.
  3790 | D:5      | Noticed Blork the orc
  3977 | D:5      | Reached skill level 5 in Shapeshifting
  4246 | D:6      | Noticed a black bear
  4291 | D:5      | Found a sacrificial altar of Ru.
  4348 | D:5      | Reached XP level 7. HP: 47/55 MP: 7/7
  4405 | D:5      | Reached skill level 5 in Fighting
  4795 | D:5      | Found a staircase to the Ecumenical Temple.
  4811 | D:5      | You fall into a shaft and drop 1 floor!
  5042 | D:5      | Killed Blork the orc
  5072 | Temple   | Entered the Ecumenical Temple
  5112 | Temple   | Became a worshipper of Trog the Wrathful
  5571 | D:6      | Reached XP level 8. HP: 64/64 MP: 8/8
  5678 | D:6      | HP: 3/64 [black bear (11)]
  6049 | D:6      | Killed from afar by a steam dragon

Illustrated notes

Levels and vault maps discovered:
D:1:      sevenhm_arrival_forest_fort_large_1, layout_loops_ring, serial_shops,
          nicolae_shop_tiny_statue_garden, minmay_close_crescents
D:2:      layout_rooms, guppyfry_early_orc_mine
D:3:      layout_loops_ring, minmay_overflow_temple_star_quad, uniq_natasha
D:4:      layout_rooms, gammafunk_ghost_smash
D:5:      layout_basic, nicolae_ru_great_annihilating_truth,
          minmay_temple_entry_glass, ebering_ghost_sewer_d, serial_curves,
          eino_curves_04, eino_curves_04, eino_curves_03, uniq_blork_the_orc
D:6:      layout_loops_cross, roderic_lattice_a, hangedman_decor_peaks_small,
          st_stairs_4
Temple:   kb_temple_of_zot

Skill      XL: |  1  2  3  4  5  6  7 |
---------------+----------------------+-----
Fighting       | 2 3 4 6 |  6.4
Unarmed Combat | 4 5 6 |  6.5
Shapeshifting  | 4 5 6 |  6.2
Dodging        | |  2.1

Action                     |  1- 3 |  4- 6 |  7- 9 || total
---------------------------+-------+-------+-------++-------
  Melee: Unarmed           |    88 |   261 |    99 ||   448
         Punch             |     3 |     5 |     2 ||    10
Ability: Hop               |       |     3 |     2 ||     5
  Evoke: Wand              |       |       |     1 ||     1
    Use: Scroll            |     4 |     3 |     2 ||     9
         Potion            |       |     2 |     1 ||     3
   Stab: Sleeping          |     2 |     1 |       ||     3
         Invisible         |       |     1 |       ||     1
         Paralysed         |       |     1 |       ||     1
 Armour: Animal skin       |    60 |   142 |    64 ||   266
         Skin              |       |     4 |     7 ||    11
  Dodge: Dodged            |    61 |   141 |    56 ||   258

Table legend: (Time is in decaauts)
 A = Elapsed time spent in this place.
 B = Non-inter-level travel time spent in this place.
 C = Inter-level travel time spent in this place.
 D = Time resting spent in this place.
 E = Time spent auto-exploring this place.
 F = Levels seen in this place.
 G = Mean time per level.
                   A        B        C        D        E       F      G
               +--------+--------+--------+--------+--------+-----+--------+
         Total |   6684 |   6260 |    424 |    436 |   4399 |   7 |  954.9 |
       Dungeon |   6620 |   6234 |    386 |    413 |   4399 |   6 | 1103.3 |
        Temple |     64 |     26 |     38 |     23 |      0 |   1 |   64.0 |
               +--------+--------+--------+--------+--------+-----+--------+

Top non-repeatable levels by time:
     D:1: 1281 daAuts
     D:3: 1213 daAuts
     D:6: 1131 daAuts
     D:5: 1130 daAuts
     D:2: 998 daAuts
     D:4: 866 daAuts
  Temple: 64 daAuts
